Map: Ulrena

Players

Solipsis - Winner!

  • Race: Terran Terran
  • League: Silver

Swift

  • Race: Protoss Protoss

VOD

Have the link to the VOD?

Description

Time

  • Played on: Dec. 4, 2015, 4:45 a.m.
  • Length: 5:35
Show
View Real Time Build Order
Export as new Build Order

Solipsis Terran - Winner!

Build Orders:  

Get SALT Encoding   

  12  0:01  SCV  
  13  0:14  SCV  
  13  0:21  Supply Depot  
  14  0:30  SCV  
  15  0:43  Barracks  
  15  0:49  SCV  
  16  1:02  SCV  
  17  1:08  Supply Depot  
  17  1:09  Supply Depot  
  17  1:18  Barracks  
  17  1:29  SCV  
  17  1:30  Supply Depot  
  18  1:38  Refinery  
  18  1:44  Marine  
  19  1:54  Barracks  
  19  2:03  Marine  
  19  2:06  Marine  
  21  2:09  SCV  
  22  2:21  SCV  
  23  2:24  Marine  
  23  2:25  Marine  
  25  2:36  Barracks  
  25  2:42  Marine  
  25  2:43  Barracks Reactor  
  26  2:44  Marine  
  26  2:49  SCV  
  28  3:00  Marine  
  28  3:02  Marine  
  30  3:05  Barracks  
  30  3:18  Marine  
  31  3:20  Marine  
  31  3:21  Orbital Command  
  31  3:25  Marine x2  
  34  3:27  Barracks Reactor  
  34  3:42  Barracks  
  34  3:47  Marine  
  35  3:49  Supply Depot  
  35  3:57  Marine  
  35  3:59  Barracks Reactor  
  35  4:01  Barracks Reactor x2  
  36  4:16  Marine x3  
  36  4:17  Marine  
  40  4:34  Marine  
  41  4:38  Marine  
  41  4:39  Marine x5  
  46  4:51  Marine x3  
  46  4:52  Marine  
  48  4:56  Marine  
  48  4:58  Marine x4  
  53  5:07  Supply Depot  
Show
View Real Time Build Order
Export as new Build Order

Swift Protoss 

Build Orders:  

Get SALT Encoding   

  12  0:11  Probe (Chrono Boost)  
  13  0:22  Probe (Chrono Boost)  
  13  0:27  Pylon  
  14  0:34  Probe (Chrono Boost)  
  15  0:46  Pylon  
  15  1:06  Pylon  
  15  1:10  Gateway  
  15  1:11  Gateway  
  15  1:15  Gateway  
  15  1:27  Probe (Chrono Boost)  
  16  1:35  Assimilator  
  16  1:38  Probe (Chrono Boost)  
  17  1:48  Probe (Chrono Boost)  
  18  1:59  Probe (Chrono Boost)  
  19  2:10  Cybernetics Core  
  19  2:17  Forge  
  19  2:18  Probe (Chrono Boost)  
  20  2:25  Assimilator  
  20  2:29  Probe (Chrono Boost)  
  21  2:39  Probe (Chrono Boost)  
  21  2:42  Gateway x2  
  22  2:50  Probe (Chrono Boost)  
  23  2:52  Gateway  
  23  3:00  Probe (Chrono Boost)  
  23  3:02  Gateway  
  24  3:09  Warp Gate (Chrono Boost)  
  24  3:29  Pylon  
  24  3:34  Pylon  
  24  3:50  Mothership Core  
  24  3:53  Nexus  
  26  4:08  Assimilator  
  26  4:11  Zealot x2  
  26  4:13  Zealot  
  32  4:22  Zealot  
  33  4:28  Zealot  
  35  4:52  Pylon  
  29  5:03  Pylon  
Tags
 
League
Silver
Matchup
PvT
Add a new tag
Caveats
  • Supply blocks, unpowered buildings, or Contaminate may cause inaccurate times.
  • Supply counts are checked every 10 seconds.